 Dungeon Crawl Stone Soup version 0.29.1-1-gd02db6906a (webtiles) character file.

Game seed: 2512395287516318037

3777 mtoz the Digger (level 10, 0/50 HPs)
             Began as a Gargoyle Earth Elementalist on Oct 1, 2022.
             Was an Initiate of Hepliaklqana.
             Slain by a yak (10 damage)
             ... on level 7 of the Dungeon.
             The game lasted 00:44:00 (9697 turns).

mtoz the Digger (Gargoyle Earth Elementalist)       Turns: 9697, Time: 00:44:00

Health: 0/50       AC: 15    Str: 13    XL:     10   Next: 16%
Magic:  14/17      EV: 13    Int: 19    God:    Hepliaklqana [......]
Gold:   506        SH:  0    Dex: 10    Spells: 2/19 levels left

rFire   + . .      SeeInvis .   (no weapon)
rCold   + + .      Faith    +   (no shield)
rNeg    + . .      Spirit   .   t - +2 robe {rC+ rF+}
rPois   ∞          Reflect  .   o - +0 helmet
rElec   +          Harm     .   (no cloak)
rCorr   .          Rampage  .   a - +0 pair of gloves
Will    .....                   q - +1 pair of boots
Stlth   +++.......              l - amulet of faith
HPRegen 0.16/turn               f - ring of wizardry
MPRegen 0.15/turn               e - ring of protection from cold

@: no status effects
A: sickness immunity, AC +7, negative energy resistance 1, electricity
resistance, torment resistance 1, petrification resistance
a: Renounce Religion


You were on level 7 of the Dungeon.
You worshipped Hepliaklqana.
Hepliaklqana was noncommittal.
You visited 2 branches of the dungeon, and saw 9 of its levels.
You also visited: Ossuary.

You collected 506 gold pieces.

Inventory:

Armour
 a - a +0 pair of gloves (worn)
 o - a +0 helmet (worn)
 q - a +1 pair of boots (worn)
 t - a +2 robe of resistance (worn)
Jewellery
 d - a ring of protection from fire
 e - a ring of protection from cold (right hand)
 f - a ring of wizardry (left hand)
 l - an amulet of faith (around neck)
Wands
 c - a wand of flame (19)
 n - a wand of iceblast (7)
Scrolls
 s - a scroll of blinking
Potions
 b - 2 potions of lignification
 g - 3 potions of brilliance
 h - 6 potions of curing
 i - 3 potions of mutation
 j - 3 potions of degeneration
 p - a potion of cancellation
 v - 2 potions of attraction
 w - a potion of invisibility
 z - a potion of flight


   Skills:
 + Level 4.4 Dodging
 + Level 6.5 Stealth
 + Level 5.1 Spellcasting
 + Level 5.4 Conjurations
 + Level 4.1 Transmutations
 + Level 7.0 Earth Magic
 + Level 4.7 Poison Magic
 + Level 0.9 Invocations
 + Level 4.0 Evocations


You had 2 spell levels left.
You knew the following spells:

 Your Spells              Type           Power      Damage    Failure   Level
a - Sandblast             Erth           62%        2d14      1%          1
b - Passwall              Tmut/Erth      21%        N/A       1%          2
c - Sting                 Tmut/Pois      84%        1d7       1%          1
d - Stone Arrow           Conj/Erth      56%        3d10      1%          3
e - Poisonous Vapours     Pois/Air       26%        N/A       2%          2
f - Petrify               Tmut/Erth      26%        N/A       4%          4
g - Olgreb's Toxic Radia  Pois           22%        N/A       8%          4

Your spell library contained the following spells:

 Spells                   Type           Power      Damage    Failure   Level
 Apportation              Tloc           8%         N/A       4%          1
 Alistair's Intoxication  Tmut/Pois      14%        N/A       22%         5


Dungeon Overview and Level Annotations

Branches:
Dungeon (8/15)             Temple (1/1) D:7         Ossuary (visited)
   Lair: D:8-11

Altars:
Cheibriados
Dithmenos
Elyvilon
Fedhas
Hepliaklqana
Kikubaaqudgha
Makhleb
Okawaru
Qazlal
Sif Muna
Trog
Vehumet
Wu Jian
Xom
Zin
The Shining One

Annotations:
D:3 Sigmund


Innate Abilities, Weirdness & Mutations

You are immune to sickness and miasma.
Your stone body is resilient. (AC +7)
You are immune to poison.
You resist negative energy. (rN+)
You are resistant to electric shocks. (rElec)
You are resistant to unholy torment.
You are immune to petrification.


Message History

Press: ? - help, Q - select action, (/) - cycle Shift-Dir - straight line, f - yak
Aim: a yak (90% to hit)
The blast of sand hits the yak!
The yak is heavily wounded.
The yak bellows! x2
There is a stone staircase leading up here.
You climb upwards.
There is a stone staircase leading down here.
You start waiting.
Done waiting.
You climb downwards.
The yak gores you but does no damage. x2
The yak misses you. The yak gores you!
There is a stone staircase leading up here.
The yak closely misses you. x2; The yak misses you. x2
You climb upwards.
There is a stone staircase leading down here.
Aiming: Sandblast (safe; 1% risk of failure)
Press: ? - help, Q - select action, (/) - cycle Shift-Dir - straight line, f - yak
Aim: a yak (lightly wounded, 90% to hit)
The blast of sand hits the yak!
The yak is heavily wounded.
The yak gores you. The yak barely misses you. The yak misses you.
The yak gores you but does no damage. The yak barely misses you.
The yak gores you but does no damage. The yak closely misses you.
The yak gores you but does no damage.
Aiming: Sandblast (safe; 1% risk of failure)
Press: ? - help, Q - select action, (/) - cycle Shift-Dir - straight line, f/p - yak
Aim: a yak (heavily wounded, 90% to hit)
The blast of sand hits the yak.
The yak is severely wounded.
The yak gores you but does no damage. The yak gores you. x3
Aiming: Sandblast (safe; 1% risk of failure)
Press: ? - help, Q - select action, (/) - cycle Shift-Dir - straight line, f/p - yak
Aim: a yak (severely wounded, 90% to hit)
The blast of sand hits the yak.
The yak is severely wounded.
The yak gores you but does no damage. The yak gores you. The yak gores you! x2
* * * LOW HITPOINT WARNING * * *
The yak gores you!
You die...

##########....# ###
..##......†.### #.#
#....######.#### #########.#
#..#.# #....# #....##...# ###
##...# ####.# #.#..##)#.# #..
#.#### #.###.#..##)#.####.#
##....# ######.#...........)..#.#
###.#.###......#Y#.#.[....#.#.#.#
................@Y.#...##.#.....#
..[............YY...........#####
##...................##...###
##.......#....#..<[#.......#
...##.................#...[###
#............................#
##.#...#....#.....[.[...#..#.#
............#.##.....#.###<..#
##.#........#.##..####.# #####


You could see 4 yaks.

Vanquished Creatures
  A hornet (D:7)
  Grinder (D:4)
  2 yaks (D:7)
  Edmund (D:4)
  A sky beast (D:5)
  2 black bears
  2 ogres (D:6)
  3 phantoms
  4 bullfrogs
  A kobold brigand (D:8)
  4 necrophages (D:5)
  3 scorpions
  13 wights
  2 jellies
  A gnoll bouda (D:5)
  3 hounds (D:5)
  3 orc priests
  3 human zombies (Ossuary)
  4 iguanas
  5 orc wizards
  A hound zombie (Ossuary)
  4 mummies (Ossuary)
  6 gnolls
  10 adders
  A shadow imp (D:5)
  A white imp (D:7)
  2 adder zombies (Ossuary)
  2 worms
  3 dart slugs
  15 orcs
  7 endoplasms
  4 giant cockroaches
  7 goblins
  3 hobgoblins
  3 jackals (D:3)
  2 quokkas
  4 ball pythons
  3 bats
  3 frilled lizards
  A hobgoblin zombie (Ossuary)
  15 kobolds
  2 kobold zombies (Ossuary)
  An orc zombie (Ossuary)
  3 rats (D:1)
  2 rat zombies (Ossuary)
164 creatures vanquished.

Notes
Turn   | Place    | Note
-------+----------+-------------------------------------------
     0 | D:1      | mtoz the Gargoyle Earth Elementalist began the quest for
                  | the Orb.
     0 | D:1      | Reached XP level 1. HP: 10/10 MP: 3/3
   417 | D:1      | Found a faded altar of an unknown god.
   432 | D:1      | Reached XP level 2. HP: 15/15 MP: 3/5
   477 | D:1      | Reached skill level 1 in Transmutations
   892 | D:1      | Reached skill level 1 in Conjurations
  1146 | D:2      | Reached XP level 3. HP: 19/19 MP: 3/6
  1849 | D:3      | Identified the +6 glaive "Kaigecweott" {antimagic, *Noise
                  | rF++ rC+}
  1870 | D:3      | Reached skill level 4 in Earth Magic
  1870 | D:3      | Reached XP level 4. HP: 24/24 MP: 1/7
  2132 | D:3      | Noticed Sigmund
  2787 | D:3      | Reached XP level 5. HP: 12/28 MP: 2/8
  3198 | D:4      | Noticed Edmund
  3206 | D:4      | Killed Edmund
  3207 | D:4      | Reached skill level 1 in Poison Magic
  3207 | D:4      | Reached skill level 1 in Evocations
  3207 | D:4      | Reached XP level 6. HP: 19/32 MP: 3/10
  3760 | D:4      | Noticed Grinder
  3767 | D:4      | Killed Grinder
  3768 | D:4      | Reached XP level 7. HP: 36/36 MP: 8/11
  4060 | D:5      | Entered Level 5 of the Dungeon
  4088 | D:5      | Found a sand-covered staircase.
  4096 | Ossuary  | Entered an ossuary
  4220 | Ossuary  | Reached skill level 5 in Earth Magic
  4690 | D:5      | Reached XP level 8. HP: 28/41 MP: 3/13
  5359 | D:5      | Learned a level 2 spell: Passwall
  5423 | D:5      | Found a snail-covered altar of Cheibriados.
  6224 | D:5      | Reached skill level 5 in Stealth
  6613 | D:5      | Learned a level 1 spell: Sting
  6617 | D:5      | Learned a level 3 spell: Stone Arrow
  6620 | D:5      | Learned a level 2 spell: Poisonous Vapours
  6625 | D:5      | Learned a level 4 spell: Petrify
  6703 | D:6      | Reached XP level 9. HP: 26/45 MP: 8/15
  6936 | D:5      | Reached skill level 6 in Earth Magic
  8103 | D:7      | Reached skill level 5 in Conjurations
  8459 | D:7      | Noticed a hornet
  8465 | D:7      | Killed a hornet
  8466 | D:7      | Reached XP level 10. HP: 46/50 MP: 12/17
  8640 | D:7      | Found a staircase to the Ecumenical Temple.
  8690 | Temple   | Entered the Ecumenical Temple
  8695 | Temple   | Became a worshipper of Hepliaklqana the Forgotten
  8760 | D:7      | Reached skill level 5 in Spellcasting
  8765 | D:7      | Learned a level 4 spell: Olgreb's Toxic Radiance
  9183 | D:7      | Reached skill level 7 in Earth Magic
  9697 | D:7      | Slain by a yak

Illustrated notes

Levels and vault maps discovered:
D:1:      dpeg_arrival_rooms_with_view, layout_basic, basic_ecumenical_altar
D:2:      layout_basic
D:3:      layout_loops_ring, uniq_sigmund
D:4:      layout_rooms, chequers_avenue, serial_park_tiny_2, uniq_edmund,
          uniq_grinder
D:5:      layout_loops_corners, kennysheep_slug_shrine,
          chequers_ossuary_entry_cave, minmay_fractal_squares_5
D:6:      layout_basic, nicolae_figureground_sparkle
D:7:      layout_basic, minmay_temple_entry_enclosed_plants, nicolae_titane
D:8:      layout_cave_pools, yredelemnul_forgotten_temple_becter,
          chequers_temple_overflow_minitemple
Temple:   hellmonk_temple_of_storms

Skill      XL: |  1  2  3  4  5  6  7  8  9 10 |
---------------+-------------------------------+-----
Transmutations | 1 2 3 4 |  4.1
Conjurations   | 1 2 3 4 5 |  5.4
Dodging        | 2 3 4 |  4.4
Earth Magic    | 4 5 6 7 |  7.0
Stealth        | 3 4 5 6 |  6.5
Poison Magic   | 1 2 3 4 |  4.7
Evocations     | 1 2 3 4 |  4.0
Spellcasting   | 3 4 5 |  5.1
Invocations    | |  0.9

Action                   |  1- 3 |  4- 6 |  7- 9 | 10-12 || total
-------------------------+-------+-------+-------+-------++-------
 Cast: Sandblast         |    50 |    67 |   254 |    35 ||   406
       Passwall          |       |       |     1 |       ||     1
       Poisonous Vapours |       |       |     1 |       ||     1
Evoke: Wand              |       |    13 |     9 |     4 ||    26
  Use: Scroll            |     6 |     1 |    11 |     3 ||    21
       Potion            |       |     1 |     7 |     1 ||     9
Armor: Robe              |     4 |    21 |    96 |    26 ||   147
Dodge: Dodged            |     8 |    44 |   129 |    37 ||   218
